 Dungeon Crawl Stone Soup version 0.24.0-123-gd5b16e6ec5 (webtiles) character file.

Game seed: 10286093365729627079, levelgen mode: deterministic

221 Delamore the Chopper (level 6, -3/47 HPs)
             Began as a Formicid Fighter on Jan 10, 2020.
             Slain by a black bear (4 damage)
             ... on level 3 of the Dungeon.
             The game lasted 00:02:52 (1865 turns).

Delamore the Chopper (Formicid Fighter)             Turns: 1865, Time: 00:02:53

Health: -3/47      AC:  6    Str: 23    XL:     6   Next: 19%
Magic:  6/6        EV:  8    Int:  7    God:
Gold:   138        SH:  9    Dex: 10    Spells: 5/5 levels left

rFire    . . .     SeeInvis +   p - +0 hand axe (chop)
rCold    . . .     Gourm    +   c - +0 shield
rNeg     + . .     Faith    .   b - +0 scale mail
rPois    .         Spirit   .   (helmet unavailable)
rElec    .         Reflect  .   (no cloak)
rCorr    .         Harm     .   (no gloves)
MR       .....                  (no boots)
Stlth    ..........             j - amulet of the gourmand
HPRegen  0.15/turn              w - ring of attention (curse)
MPRegen  0.10/turn              e - ring of positive energy

@: no status effects
A: permanent stasis, dig shafts and tunnels, four strong arms, antennae 3
a: Dig, Shaft Self


You were on level 3 of the Dungeon.
You were completely stuffed.

You visited 1 branch of the dungeon, and saw 3 of its levels.

You collected 138 gold pieces.

Inventory:

Hand Weapons
 a - a +0 war axe
 p - a +0 hand axe of chopping (weapon)
Armour
 b - a +0 scale mail (worn)
 c - a +0 shield (worn)
Jewellery
 e - a ring of positive energy (right hand)
 i - a +2 ring of intelligence
 j - an amulet of the gourmand (around neck)
 q - an uncursed amulet of rage
 w - a cursed ring of attention (left hand)
Scrolls
 g - 2 scrolls of teleportation {unknown}
 h - 5 scrolls of identify {unknown}
 l - 5 scrolls of remove curse {unknown}
 m - a scroll of blinking {unknown}
 n - a scroll of fog {unknown}
 r - a scroll of fear {unknown}
 t - 2 scrolls of amnesia {unknown}
Potions
 d - 2 potions of might
 k - a potion of flight {unknown}
 o - 3 potions of ambrosia {unknown}
 s - a potion of brilliance {unknown}
 u - a potion of cancellation {unknown}
 v - a potion of lignification {unknown}
 z - a potion of agility {unknown}
Comestibles
 f - 7 rations
 x - 6 chunks of flesh


   Skills:
 - Level 3.2 Fighting
 + Level 6.0 Axes
 - Level 3.2 Armour
 - Level 3.6 Shields


You had 5 spell levels left.
You didn't know any spells.
Your spell library was empty.

Dungeon Overview and Level Annotations

Branches:
Dungeon (3/15)

Altars:


Innate Abilities, Weirdness & Mutations

You cannot be hasted, slowed, berserked, paralysed or teleported.
You can dig through walls and to a lower floor.
Your four strong arms can wield two-handed weapons with a shield.
You have a pair of large antennae on your head. (SInv)


Message History

You hit the black bear.
The black bear is heavily wounded.
The black bear bites you. The black bear claws you.
* * * LOW HITPOINT WARNING * * *
The black bear claws you but does no damage.
You hit the black bear.
The black bear is severely wounded.
The black bear goes berserk!
You hit the black bear.
The black bear is almost dead.
The black bear bites you!
* * * LOW HITPOINT WARNING * * *
You block the black bear's attack. The black bear closely misses you.
You barely miss the black bear.
The black bear is almost dead.
The black bear barely misses you. The black bear closely misses you. x2
You block the black bear's attack. The black bear claws you.
* * * LOW HITPOINT WARNING * * *
The black bear claws you.
You die...

##.#...####........
...........'........
#.......####........
#.#.##.## ##.......
#.#.##.# ##.....#
#.#.##.# ##...## #
#..#.# ##+##
#.##.#.# #.#
#.h@...# #.#
####.### ##.## #.#
##...## #.# #.....#
#.# ##...##
#.###########.#..
#.........#####†#
#########)..†..<#
#########


You could see a black bear (berserk).

Vanquished Creatures
  Jessica (D:3)
  Natasha (twice) (D:3)
  Robin (D:3)
  4 adders
  2 oozes (D:2)
  A worm (D:3)
  A dart slug (D:1)
  3 leopard geckos
  An orc (D:3)
  3 bats
  5 giant cockroaches
  19 goblins
  11 hobgoblins
  4 jackals
  2 ball pythons
  5 frilled lizards
  8 kobolds
  10 rats
83 creatures vanquished.

Notes
Turn   | Place    | Note
-------+----------+-------------------------------------------
     0 | D:1      | Delamore the Formicid Fighter began the quest for the Orb.
     0 | D:1      | Reached XP level 1. HP: 18/18 MP: 1/1
   126 | D:1      | Reached XP level 2. HP: 22/24 MP: 2/2
   245 | D:1      | Reached skill level 3 in Axes
   344 | D:1      | Reached XP level 3. HP: 14/29 MP: 3/3
   889 | D:2      | Reached skill level 4 in Axes
   889 | D:2      | Reached XP level 4. HP: 32/35 MP: 4/4
  1442 | D:3      | Noticed Natasha
  1447 | D:3      | Killed Natasha
  1447 | D:3      | Reached skill level 5 in Axes
  1447 | D:3      | Reached XP level 5. HP: 41/41 MP: 5/5
  1506 | D:3      | Noticed Natasha
  1533 | D:3      | Killed Natasha
  1664 | D:3      | Noticed Robin
  1680 | D:3      | Killed Robin
  1680 | D:3      | Reached XP level 6. HP: 22/47 MP: 6/6
  1703 | D:3      | Noticed Jessica
  1710 | D:3      | Killed Jessica
  1710 | D:3      | Reached skill level 6 in Axes
  1853 | D:3      | Noticed a black bear
  1865 | D:3      | HP: 1/47 [black bear (2)]
  1865 | D:3      | Slain by a black bear

Levels and vault maps discovered:
D:1:      ebering_hopf_link, layout_rooms, minmay_tetromino_i4
D:2:      layout_rooms, first_ration, minmay_misc_feat_five
D:3:      layout_loops_corners, lemuel_crystal_altar, okawaru_metal_pillars_1_2,
          uniq_natasha, uniq_jessica, uniq_robin

Skill      XL: |  1  2  3  4  5  6 |
---------------+-------------------+-----
Axes           | 3 4 5 6 |  6.0
Fighting       | |  3.2
Armour         | |  3.2
Shields        | |  3.6

Action                   |  1- 3 |  4- 6 || total
-------------------------+-------+-------++-------
Melee: War axe           |    86 |    14 ||   100
       Hand axe          |       |   130 ||   130
  Eat: Chunk             |     2 |    10 ||    12
Armor: Scale mail        |    46 |    55 ||   101
Dodge: Dodged            |    34 |    51 ||    85
Block: Shield            |    65 |    73 ||   138
